 Dungeon Crawl Stone Soup version 0.29-a0-398-ge13fd1374b (webtiles) character file.

Game seed: 7041291178444067503

65 nedac the Ducker (level 3, -4/18 HPs)
             Began as a Spriggan Gladiator on May 12, 2022.
             Killed from afar by a white imp (6 damage)
             ... with a puff of frost
             ... on level 3 of the Dungeon.
             The game lasted 00:15:39 (1515 turns).

nedac the Ducker (Spriggan Gladiator)               Turns: 1515, Time: 00:15:40

Health: -4/18      AC:  4    Str: 10    XL:     3   Next: 94%
Magic:  5/5        EV: 19    Int:  9    God:
Gold:   82         SH:  0    Dex: 18    Spells: 3/3 levels left

rFire   . . .      SeeInvis +   a - +1 rapier
rCold   . . .      Faith    .   (no shield)
rNeg    . . .      Spirit   .   b - +2 robe
rPois   .          Reflect  .   c - +0 hat
rElec   .          Harm     .   (no cloak)
rCorr   .          Rampage  .   (gloves unavailable)
Will    .....                   (boots unavailable)
Stlth   ++........              (no amulet)
HPRegen 0.06/turn               (no ring)
MPRegen 0.09/turn               (no ring)

@: about to teleport, very quick
A: very small, no large weapons, unfitting armour, see invisible, speed 3
a: no special abilities


You were on level 3 of the Dungeon.
You visited 1 branch of the dungeon, and saw 3 of its levels.

You collected 192 gold pieces.
You spent 110 gold pieces at shops.

Inventory:

Hand Weapons
 a - a +1 rapier (weapon)
 g - a +0 spear
 l - a +0 dagger
 p - a +0 dagger
 t - a +0 hand axe
 x - a +0 short sword
 A - a +0 short sword
Missiles
 d - 3 throwing nets (quivered)
 e - 2 boomerangs
 h - 3 poisoned darts
 n - 85 stones
Armour
 b - a +2 robe (worn)
 c - a +0 hat (worn)
 j - a +0 robe
 m - a +0 leather armour
 q - a +0 ring mail
 v - a +0 plate armour
Magical Staves
 u - a staff of cold
Jewellery
 z - a ring of fire
Wands
 y - a wand of flame (21)
Scrolls
 f - a scroll of teleportation
 i - a scroll of enchant armour
 o - a scroll of vulnerability
 s - a scroll of fear
 w - a scroll of identify
Potions
 k - a potion of degeneration {unknown}
 r - 3 potions of curing {unknown}


   Skills:
 - Level 1.7 Fighting
 * Level 4.4 Short Blades
 - Level 2.1 Throwing
 * Level 4.9 Dodging
 * Level 1.0 Stealth
 * Level 0.8 Spellcasting


You had 3 spell levels left.
You didn't know any spells.
Your spell library contained the following spells:

 Spells                   Type           Power      Damage    Failure   Level
 Ozocubu's Armour         Ice            0%         N/A       75%         3
 Metabolic Englaciation   Hex/Ice        0%         N/A       100%        5
 Simulacrum               Ice/Necr       0%         N/A       100%        6


Dungeon Overview and Level Annotations

Branches:
Dungeon (3/15)

Altars:
Beogh

Shops:
D:1 ?


Innate Abilities, Weirdness & Mutations

You are very small and have problems with some larger weapons.
You are too small for most types of armour.
You have supernaturally acute eyesight. (SInv)
You cover ground extremely quickly. (Speed+++)


Message History

You kill the kobold!
n - 85 stones (gained 5)
You see here a +0 short sword.
You see here a +0 short sword.
A - a +0 short sword You see here an adder corpse.
There is an escape hatch in the floor here.
You slide downwards.
The hatch slams shut behind you.
The white imp shouts!
Found a long lead wand.
Found a stone staircase leading down.
You hit the white imp but do no damage. The white imp barely misses you.
An endoplasm comes into view.
The endoplasm quivers.
You hit the white imp.
The white imp is heavily wounded.
You completely miss the white imp.
The white imp is heavily wounded.
Found a long sword.
You hit the white imp but do no damage.
The white imp is heavily wounded.
You barely miss the white imp.
The white imp is heavily wounded.
You hit the white imp.
The white imp is severely wounded.
The white imp completely misses you.
You hit the white imp but do no damage.
The white imp is severely wounded.
The white imp gestures at you. The puff of frost hits you.
You hit the white imp but do no damage.
The white imp is severely wounded.
The white imp gestures at you. The puff of frost hits you!
Ouch! That really hurt!
* * * LOW HITPOINT WARNING * * *
As you read the scroll of teleportation, it crumbles to dust.
You feel strangely unstable. The white imp misses you.
The white imp gestures at you. The puff of frost hits you.
You die...

### ... # #
#.#
#.##.#.#
...#..
#...# #
#.##.#5##.#
#../.J....#
####.#@####
# #.# >.#
##.# ...
#.) #..
##.#


You could see a white imp and an endoplasm.

Vanquished Creatures
  A gnoll (D:1)
  2 adders (D:2)
  A dart slug (D:1)
  3 ball pythons (D:1)
  4 endoplasms
  A giant cockroach (D:1)
  A goblin (D:1)
  8 hobgoblins
  2 kobolds
  2 quokkas
  4 bats
  5 rats
34 creatures vanquished.

Notes
Turn   | Place    | Note
-------+----------+-------------------------------------------
     0 | D:1      | nedac the Spriggan Gladiator began the quest for the Orb.
     0 | D:1      | Reached XP level 1. HP: 10/10 MP: 2/2
    34 | D:1      | Reached XP level 2. HP: 8/15 MP: 3/3
   117 | D:1      | Found Dielik's Magic Scroll Shop.
   152 | D:1      | Bought a scroll of identify for 20 gold pieces
   152 | D:1      | Bought a scroll of teleportation for 30 gold pieces
   722 | D:1      | Reached XP level 3. HP: 18/18 MP: 4/4
   784 | D:1      | Found a faded altar of an unknown god.
   903 | D:1      | Bought a scroll of identify for 20 gold pieces
   903 | D:1      | Bought a scroll of identify for 20 gold pieces
   903 | D:1      | Bought a scroll of identify for 20 gold pieces
  1404 | D:2      | Reached skill level 1 in Stealth
  1515 | D:3      | Killed from afar by a white imp

Illustrated notes

Levels and vault maps discovered:
D:1:      giann_horns, layout_basic, serial_shops, nicolae_shop_trees,
          hellmonk_ecumenical_altar_defaced_shrine
D:2:      layout_basic, minmay_ruptured
D:3:      layout_loops_cross

Skill      XL: |  1  2  3 |
---------------+----------+-----
Short Blades   | 4 |  4.4
Stealth        | 1 |  1.0
Fighting       | |  1.7
Throwing       | |  2.1
Dodging        | |  4.9
Spellcasting   | |  0.8

Action                   || total
-------------------------++-------
Melee: Rapier            ||    93
  Use: Scroll            ||    10
 Stab: Sleeping          ||     1
Armor: Robe              ||     7
Dodge: Dodged            ||    66

Table legend: (Time is in decaauts)
 A = Elapsed time spent in this place.
 B = Non-inter-level travel time spent in this place.
 C = Inter-level travel time spent in this place.
 D = Time resting spent in this place.
 E = Time spent auto-exploring this place.
 F = Levels seen in this place.
 G = Mean time per level.
                   A        B        C        D        E       F      G
               +--------+--------+--------+--------+--------+-----+--------+
         Total |    980 |    256 |    724 |      0 |      7 |   3 |  326.7 |
       Dungeon |    980 |    256 |    724 |      0 |      7 |   3 |  326.7 |
               +--------+--------+--------+--------+--------+-----+--------+

Top non-repeatable levels by time:
     D:1: 613 daAuts
     D:2: 360 daAuts
     D:3: 6 daAuts
